 Dungeon Crawl Stone Soup version 0.28.0-43-g3370ac3207 (webtiles) character file.

Game seed: 7555299528779473767

24605 xzight the Cleaver (level 13, -7/83 HPs)
             Began as a Gargoyle Fighter on Mar 24, 2022.
             Was an Elder of Okawaru.
             Mangled by a boulder beetle (20 damage)
             ... on level 4 of the Lair of Beasts.
             The game lasted 00:32:13 (21461 turns).

xzight the Cleaver (Gargoyle Fighter)              Turns: 21461, Time: 00:32:13

Health: -7/83      AC: 35    Str: 23    XL:     13   Next: 14%
Magic:  18/18      EV: 10    Int: 11    God:    Okawaru [****..]
Gold:   472        SH: 15    Dex:  9    Spells: 12/12 levels left

rFire   . . .      SeeInvis .   a - +0 war axe
rCold   + . .      Faith    .   K - +0 kite shield
rNeg    + . .      Spirit   .   W - +2 plate armour {rPois}
rPois   ∞          Reflect  +   G - +0 helmet
rElec   +          Harm     .   B - +2 cloak
rCorr   .          Rampage  .   s - +0 pair of gloves
Will    .....                   I - +1 pair of boots
Stlth   ..........              U - amulet of reflection
HPRegen 0.23/turn               c - ring of protection from cold
MPRegen 0.16/turn               E - +4 ring of evasion

@: no status effects
A: sickness immunity, AC +9, negative energy resistance 1, electricity
resistance, torment resistance 1, petrification resistance
a: Renounce Religion, Heroism, Finesse


You were on level 4 of the Lair of Beasts.
You worshipped Okawaru.
Okawaru was greatly pleased with you.
You visited 3 branches of the dungeon, and saw 16 of its levels.

You collected 735 gold pieces.
You spent 263 gold pieces at shops.


Innate Abilities, Weirdness & Mutations

You are immune to sickness and miasma.
Your stone body is resilient. (AC +9)
You are immune to poison.
You resist negative energy. (rN+)
You are resistant to electric shocks. (rElec)
You are resistant to unholy torment.
You are immune to petrification.


   Skills:
 + Level 10.7 Fighting
 * Level 12.2 Axes
 + Level 10.7 Armour
 + Level 10.8 Shields
 + Level 7.7 Invocations


You had 12 spell levels left.
You didn't know any spells.
Your spell library contained the following spells:

 Spells                   Type           Power      Damage    Failure   Level
 Sandblast                Erth           0%         2d4       100%        1
 Corpse Rot               Necr/Air       0%         N/A       100%        2
 Passwall                 Tmut/Erth      0%         N/A       100%        2
 Static Discharge         Conj/Air       0%         N/A       100%        2
 Stone Arrow              Conj/Erth      0%         3d7       100%        3
 Dispel Undead            Necr           0%         3d6       100%        4
 Petrify                  Tmut/Erth      0%         N/A       100%        4
 Lightning Bolt           Conj/Air       0%         1d11      100%        5
 Metabolic Englaciation   Hex/Ice        0%         N/A       100%        5
 Maxwell's Capacitive Co  Air            0%         ∞         100%        8
 Death Channel            Necr           Unusable   N/A       N/A         6
 Statue Form              Tmut/Erth      Unusable   N/A       N/A         6

Inventory:

Hand Weapons
 a - a +0 war axe (weapon)
 b - a +0 whip of electrocution
Missiles
 h - a throwing net {=f}
 o - 2 silver boomerangs (quivered)
 t - 4 silver javelins
Armour
 s - a +0 pair of gloves (worn)
 B - a +2 cloak (worn)
 G - a +0 helmet (worn)
 I - a +1 pair of boots (worn)
 K - a +0 kite shield (worn)
 W - a +2 plate armour of poison resistance (worn)
Jewellery
 c - a ring of protection from cold (left hand)
 k - an amulet of faith {!P}
 v - a ring of see invisible
 E - a +4 ring of evasion (right hand)
 L - a ring of flight
 N - a ring of positive energy
 O - a ring of protection from cold
 R - a ring of resist corrosion
 S - a +6 ring of strength
 U - an amulet of reflection (around neck)
Wands
 i - a wand of digging (7)
 l - a wand of polymorph (13)
 m - a wand of flame (43)
 q - a wand of charming (11)
Scrolls
 j - 5 scrolls of teleportation {@r2}
 r - 2 scrolls of identify {@r1}
 y - a scroll of enchant armour
 D - 4 scrolls of magic mapping
 F - 2 scrolls of enchant weapon
 M - a scroll of silence {!r}
Potions
 d - 6 potions of might
 e - a potion of ambrosia
 f - a potion of invisibility
 g - a potion of mutation
 n - 8 potions of curing {@q1}
 p - 3 potions of cancellation
 w - 2 potions of lignification
 x - a potion of flight
 z - a potion of haste {@q3}
 A - 3 potions of brilliance
 C - 2 potions of attraction
 J - 2 potions of resistance
Miscellaneous
 u - a lightning rod (4/4)

Dungeon Overview and Level Annotations

Branches:
Dungeon (11/15)            Temple (1/1) D:7            Lair (4/6) D:9
  Swamp (0/4) Lair:3        Snake (0/4) Lair:2          Orc (0/2) D:10

Altars:
Ashenzari
Cheibriados
Dithmenos
Elyvilon
Fedhas
Gozag
Hepliaklqana
Kikubaaqudgha
Makhleb
Nemelex Xobeh
Okawaru
Qazlal
Ru
Sif Muna
Trog
Uskayaw
Vehumet
Wu Jian
Xom
Yredelemnul
Zin
The Shining One

Shops:
D:5 *   D:7 ?   D:9 (

Portals:
Trove: D:10 (give +4 ice dragon scales)

...# #................... ...##
#................... ....#
##..................# ....#
##....##.....##......# ...#####
###...)..##.....##.#..## ....##.#
#........##....###.#..#.
......####..................P..#.
.......#P........................
.........^......@B...............
..†........................##....
..................####...### ..
................### #...# ..
............##### ......
.............. ..!...
.............# ..... ..
.......<....# .. ............# ..


You could see a boulder beetle.


Message History

You are too injured to fight recklessly!
You are too injured to fight recklessly!
You are too injured to fight recklessly!
You are too injured to fight recklessly!
You are too injured to fight recklessly!
You are too injured to fight recklessly!
You are too injured to fight recklessly!
You are too injured to fight recklessly!
You are too injured to fight recklessly!
You are too injured to fight recklessly!
You barely miss the boulder beetle.
The boulder beetle is almost dead.
The boulder beetle bites you but does no damage.
You hit the boulder beetle but do no damage.
The boulder beetle is almost dead.
The boulder beetle bites you!
* * * LOW HITPOINT WARNING * * *
You hit the boulder beetle but do no damage.
The boulder beetle is almost dead.
The boulder beetle bites you!
* * * LOW HITPOINT WARNING * * *
You are too injured to fight recklessly!
You are too injured to fight recklessly!
You are too injured to fight recklessly!
You are too injured to fight recklessly!
You are too injured to fight recklessly!
You hit the boulder beetle but do no damage.
The boulder beetle is almost dead.
The boulder beetle bites you!!
You die...

Skill      XL: |  1  2  3  4  5  6  7  8  9 10 11 12 |
---------------+-------------------------------------+-----
Axes           | 2 3 4 5 6 8 9 10 12 | 12.2
Fighting       | 4 5 6 7 8 9 10 | 10.7
Armour         | 4 5 6 7 8 9 10 | 10.7
Shields        | 4 5 6 7 8 9 10 | 10.8
Invocations    | 3 5 7 |  7.7

Action                   |  1- 3 |  4- 6 |  7- 9 | 10-12 | 13-15 || total
-------------------------+-------+-------+-------+-------+-------++-------
Melee: War axe           |    86 |   188 |   292 |  1082 |   128 ||  1776
       Whip              |       |       |       |    72 |       ||    72
Throw: Boomerang         |       |    11 |    23 |     1 |       ||    35
Invok: Finesse           |       |       |       |     5 |       ||     5
       Heroism           |       |       |       |     4 |       ||     4
Evoke: Wand              |       |       |     2 |    15 |       ||    17
  Use: Scroll            |       |     1 |     8 |    16 |       ||    25
       Potion            |       |       |       |     5 |       ||     5
Armor: Chain mail        |    56 |   138 |   236 |   710 |       ||  1140
       Scale mail        |     2 |       |       |       |       ||     2
       Plate armour      |       |       |       |   205 |    61 ||   266
Dodge: Dodged            |    29 |    81 |   119 |   456 |    33 ||   718
Block: Buckler           |    22 |    51 |    54 |   216 |       ||   343
       Kite shield       |       |       |       |   377 |    94 ||   471
       Reflection        |       |       |       |       |     1 ||     1

Levels and vault maps discovered:
D:1:      dpeg_chamrin_arrival_tetris, layout_rooms,
          hellmonk_ecumenical_altar_crossroads, minmay_misc_feat_four_crosses
D:2:      layout_basic, minmay_misc_feat_diagonals, uniq_natasha
D:3:      layout_loops_ring, trog_hazing_becter, serial_undead, serial_undead_c,
          serial_undead_b, serial_undead_b, serial_undead_e
D:4:      layout_cave_pools
D:5:      layout_gridville, nicolae_yredelemnul_corpse_copse, zin_scriptorium,
          dk_noncrumbling_2, nicolae_shop_sticking_my_neck_out, uniq_ijyb,
          uniq_grinder
D:6:      layout_basic, uniq_blork_the_orc
D:7:      layout_basic, minmay_temple_entry_nine_rooms, serial_shops, shop,
          minivault_10, sigmund_edmund_badplayer
D:8:      layout_basic, kennysheep_little_box, uniq_joseph
D:9:      layout_irregular_city, erik_lair_orcish_takeover, serial_shops,
          nicolae_shop_bloodbath_and_beyond
D:10:     layout_cave_pools, nicolae_dithmenos_shadow_blocks, zombieorc2_lemuel,
          nicolae_trove_entry_crystal, hangedman_decor_push, uniq_nergalle
D:11:     layout_roguey, tso_altar, uniq_grum
Temple:   minmay_crystal_spiral_temple
Lair:1:   layout_long_grid, fungi_pond_lemuel, infiniplex_staircase_pool_2,
          grunt_megastairs_3
Lair:2:   layout_chaotic_city, dummy_snake_entry, serial_bayou_lagoon_a,
          minivault_19, st_stairs_13, minmay_stone_trees_small
Lair:3:   layout_cave_pods, palyth_hydra_swamp_entry
Lair:4:   layout_gridlike, grunt_megastairs_5

Notes
Turn   | Place    | Note
-------+----------+-------------------------------------------
     0 | D:1      | xzight the Gargoyle Fighter began the quest for the Orb.
     0 | D:1      | Reached XP level 1. HP: 14/14 MP: 1/1
   123 | D:1      | Reached skill level 2 in Axes
   140 | D:1      | Found a faded altar of an unknown god.
   147 | D:1      | Reached XP level 2. HP: 19/19 MP: 2/2
   564 | D:2      | Reached XP level 3. HP: 23/23 MP: 3/3
   811 | D:2      | Noticed Natasha
   819 | D:2      | Killed Natasha
   820 | D:2      | Reached XP level 4. HP: 15/29 MP: 4/4
   968 | D:2      | Noticed Natasha
   973 | D:2      | Killed Natasha
  1040 | D:2      | Reached skill level 3 in Axes
  1184 | D:2      | Noticed Natasha
  1206 | D:2      | Killed Natasha
  1207 | D:2      | Reached skill level 4 in Fighting
  1207 | D:2      | Reached skill level 4 in Armour
  1207 | D:2      | Reached skill level 4 in Shields
  1207 | D:2      | Reached XP level 5. HP: 6/33 MP: 5/5
  1955 | D:3      | Found a bloodstained altar of Trog.
  2319 | D:4      | Reached XP level 6. HP: 39/39 MP: 6/6
  2644 | D:4      | Reached skill level 4 in Axes
  3015 | D:4      | Reached XP level 7. HP: 44/44 MP: 7/7
  3076 | D:5      | Entered Level 5 of the Dungeon
  3150 | D:5      | Reached skill level 5 in Fighting
  3150 | D:5      | Reached skill level 5 in Armour
  3150 | D:5      | Reached skill level 5 in Shields
  3254 | D:5      | Found a basalt altar of Yredelemnul.
  3298 | D:5      | Reached skill level 5 in Axes
  3574 | D:5      | Found Idabeeri's Neck Hole.
  3577 | D:5      | Bought a +2 cloak for 181 gold pieces
  3778 | D:5      | Noticed Grinder
  3792 | D:5      | Reached XP level 8. HP: 44/50 MP: 8/8
  3802 | D:5      | Paralysed by Grinder for 6 turns
  3811 | D:5      | Killed Grinder
  3959 | D:5      | Noticed Ijyb
  3996 | D:5      | Killed Ijyb
  4133 | D:5      | Found a glowing silver altar of Zin.
  4160 | D:6      | Noticed Blork the orc
  4280 | D:6      | Killed Blork the orc
  4281 | D:6      | Reached skill level 6 in Fighting
  4281 | D:6      | Reached skill level 6 in Axes
  4281 | D:6      | Reached skill level 6 in Shields
  4464 | D:6      | Reached skill level 6 in Armour
  4989 | D:7      | Noticed Sigmund
  4998 | D:7      | Killed Sigmund
  4999 | D:7      | Reached XP level 9. HP: 55/56 MP: 9/9
  5018 | D:7      | Noticed Edmund
  5038 | D:7      | Killed Edmund
  5288 | D:7      | Reached skill level 7 in Axes
  5383 | D:7      | Reached skill level 7 in Fighting
  5383 | D:7      | Reached skill level 7 in Shields
  5401 | D:7      | Reached skill level 7 in Armour
  5571 | D:7      | Found Tiethila's Magic Scroll Emporium.
  5582 | D:7      | Bought a scroll of blinking for 82 gold pieces
  5770 | D:7      | Reached skill level 8 in Axes
  6153 | D:7      | Found a staircase to the Ecumenical Temple.
  6161 | Temple   | Entered the Ecumenical Temple
  6223 | Temple   | Became a worshipper of Warmaster Okawaru
  6609 | D:8      | Identified 2 potions of resistance
  6700 | D:8      | Noticed Joseph
  6703 | D:8      | Noticed Joseph
  6703 | D:8      | Joseph changed into Joseph the frilled lizard
  6706 | D:8      | Killed Joseph the frilled lizard
  6781 | D:8      | Reached XP level 10. HP: 56/63 MP: 10/10
  7183 | D:8      | Found an opulent altar of Gozag.
  7328 | D:9      | Reached skill level 1 in Invocations
  7887 | D:9      | Found Hahoak Kosi's Weapon Shop.
  7910 | D:9      | Reached * piety under Okawaru
  7911 | D:9      | Reached skill level 2 in Invocations
  8325 | D:9      | Reached skill level 8 in Fighting
  8410 | D:9      | Found a staircase to the Lair.
  8523 | D:9      | Reached skill level 8 in Shields
  8660 | D:9      | Reached skill level 8 in Armour
  9128 | D:10     | Entered Level 10 of the Dungeon
  9145 | D:10     | Noticed Nergalle
  9265 | D:10     | Reached skill level 9 in Axes
  9299 | D:10     | Found a shadowy altar of Dithmenos.
  9326 | D:10     | HP: 3/64 [spectral orc knight/+0 glaive[Nergalle] (19)]
  9327 | D:10     | HP: 1/64 [spectral orc knight/+0 glaive[Nergalle] (2)]
  9521 | D:9      | Reached skill level 3 in Invocations
  9526 | D:9      | Reached ** piety under Okawaru
  9977 | D:10     | Noticed a spectral orc warlord
  9981 | D:10     | Killed Nergalle
 10186 | D:10     | Reached XP level 11. HP: 53/69 MP: 13/13
 10289 | D:10     | Identified a +2 robe of the Archmagi
 10479 | D:10     | Reached skill level 4 in Invocations
 10490 | D:10     | Reached *** piety under Okawaru
 10638 | D:10     | Found a staircase to the Orcish Mines.
 11355 | D:10     | Found a portal to a secret trove of treasure.
 11867 | D:11     | Reached skill level 10 in Axes
 11874 | D:11     | Reached skill level 9 in Shields
 12099 | D:11     | Reached **** piety under Okawaru
 12100 | D:11     | Reached skill level 9 in Fighting
 12100 | D:11     | Reached skill level 9 in Armour
 12384 | D:11     | Noticed Grum
 12405 | D:11     | Killed Grum
 12867 | D:11     | Reached skill level 5 in Invocations
 13232 | D:11     | Found a glowing golden altar of the Shining One.
 13728 | Lair:1   | Entered Level 1 of the Lair of Beasts
 14194 | Lair:1   | Received a gift from Okawaru
 14546 | Lair:1   | Reached XP level 12. HP: 54/76 MP: 16/16
 14564 | Lair:1   | Reached ***** piety under Okawaru
 16150 | Lair:2   | Found a staircase to the Snake Pit.
 16251 | Lair:2   | Reached skill level 11 in Axes
 16251 | Lair:2   | Reached skill level 6 in Invocations
 16782 | Lair:3   | Reached skill level 10 in Shields
 16797 | Lair:3   | Received a gift from Okawaru
 16924 | Lair:3   | Noticed an eight-headed hydra
 17535 | Lair:3   | Killed an eight-headed hydra
 17536 | Lair:3   | Reached skill level 10 in Fighting
 17536 | Lair:3   | Reached skill level 10 in Armour
 18430 | Lair:3   | Noticed a seven-headed hydra
 18544 | Lair:3   | Killed a seven-headed hydra
 18545 | Lair:3   | Reached skill level 7 in Invocations
 19207 | Lair:3   | Noticed an eight-headed hydra
 19224 | Lair:3   | Killed an eight-headed hydra
 19701 | Lair:3   | Found a staircase to the Swamp.
 19703 | Lair:3   | Noticed a seven-headed hydra
 19718 | Lair:3   | HP: 5/78 [seven-headed hydra (3)]
 20004 | Lair:2   | Killed a seven-headed hydra
 20181 | Lair:4   | Reached skill level 12 in Axes
 20209 | Lair:4   | Reached XP level 13. HP: 76/83 MP: 18/18
 21461 | Lair:4   | Mangled by a boulder beetle

Vanquished Creatures
  4 hydras
  Nergalle (D:10)
  An oklob plant (Lair:4)
  A black mamba (Lair:4)
  7 cane toads
  6 komodo dragons
  3 polar bears
  A hornet (D:10)
  A troll (D:9)
  Grinder (D:5)
  A tyrant leech (Lair:3)
  6 dream sheep (Lair:3)
  6 blink frogs
  3 wyverns
  Sigmund (D:7)
  2 vampires
  A shadow (D:11)
  32 yaks
  2 wraiths
  A steam dragon (D:10)
  Grum (D:11)
  5 basilisks
  3 wargs (D:9)
  2 acid dragons (D:11)
  Edmund (D:7)
  2 swamp worms (Lair:3)
  8 water moccasins
  2 ice beasts (D:7)
  2 orc warriors
  2 ogres
  A hornet zombie (D:5)
  A black bear (Lair:1)
  2 centaurs
  6 wolves
  2 phantoms (D:10)
  Blork the orc (D:6)
  2 kobold brigands
  11 bullfrogs
  2 scorpions
  A gnoll sergeant (D:10)
  2 water moccasin zombies
  2 water moccasin skeletons
  5 killer bees (D:9)
  3 troll zombies (D:10)
  3 wights (D:7)
  A howler monkey (D:9)
  An electric eel (Lair:2)
  4 centaur zombies
  2 hounds
  A jelly (D:4)
  A bullfrog skeleton (D:5)
  6 orc priests
  2 gnoll shamans
  4 hell rats (Lair:4)
  Ijyb (D:5)
  2 iguanas (D:4)
  6 orc wizards
  2 scorpion zombies (D:5)
  Natasha (thrice) (D:2)
  A killer bee zombie (D:6)
  5 ogre zombies (D:10)
  2 howler monkey zombies
  15 gnolls
  4 adders
  3 white imps
  An adder zombie (D:3)
  2 dart slugs (D:2)
  16 orcs
  4 endoplasms
  7 giant cockroaches
  6 goblins
  6 hobgoblins
  2 quokkas
  4 ball pythons (D:1)
  8 bats
  5 frilled lizards
  2 goblin skeletons (D:10)
  2 goblin zombies (D:10)
  5 hobgoblin zombies (D:10)
  13 kobolds
  2 orc skeletons (D:10)
  14 orc zombies (D:10)
  A quokka skeleton (D:3)
  5 rats
324 creatures vanquished.

Vanquished Creatures (others)
  13 fungi
  13 plants
  A withered plant (D:3)
27 creatures vanquished.

Grand Total: 351 creatures vanquished

Table legend: (Time is in decaauts)
 A = Elapsed time spent in this place.
 B = Non-inter-level travel time spent in this place.
 C = Inter-level travel time spent in this place.
 D = Time resting spent in this place.
 E = Time spent auto-exploring this place.
 F = Levels seen in this place.
 G = Mean time per level.
                   A        B        C        D        E       F      G
               +--------+--------+--------+--------+--------+-----+--------+
         Total |  21693 |  20843 |    850 |   7360 |   8872 |  16 | 1355.8 |
       Dungeon |  14016 |  13527 |    489 |   4694 |   5877 |  11 | 1274.2 |
        Temple |    226 |    142 |     84 |      0 |    117 |   1 |  226.0 |
          Lair |   7450 |   7173 |    277 |   2666 |   2878 |   4 | 1862.5 |
               +--------+--------+--------+--------+--------+-----+--------+

Top non-repeatable levels by time:
  Lair:3: 3047 daAuts
     D:9: 2852 daAuts
    D:11: 2130 daAuts
  Lair:1: 2044 daAuts
    D:10: 1652 daAuts
     D:7: 1463 daAuts
  Lair:2: 1313 daAuts
     D:5: 1154 daAuts
  Lair:4: 1045 daAuts
     D:2: 966 daAuts
     D:8: 873 daAuts
     D:4: 856 daAuts
     D:3: 806 daAuts
     D:6: 697 daAuts
     D:1: 562 daAuts

Table legend:
 A = Non-vault XP
 B = Vault XP
 C = Vault XP percentage of total XP
 D = Non-vault monster count
 E = Vault monster count
 F = Vault count percentage of total count
                 A         B        C        D         E       F
            +---------+---------+-------+---------+---------+-------
      Total |   27322 |    7828 |  22.3 |     241 |      82 |  25.4
            +---------+---------+-------+---------+---------+-------
        D:1 |      30 |       0 |   0.0 |      21 |       0 |   0.0
        D:2 |     103 |      33 |  24.3 |      18 |       1 |   5.3
        D:3 |      30 |      61 |  67.0 |      11 |       8 |  42.1
        D:4 |     365 |       0 |   0.0 |      21 |       0 |   0.0
        D:5 |     539 |     605 |  52.9 |       7 |       7 |  50.0
        D:6 |     317 |     100 |  24.0 |       6 |       1 |  14.3
        D:7 |    2018 |     366 |  15.4 |      19 |       2 |   9.5
        D:8 |     225 |       1 |   0.4 |       5 |       1 |  16.7
        D:9 |    2626 |     591 |  18.4 |      36 |       7 |  16.3
       D:10 |    1162 |    1369 |  54.1 |      13 |      37 |  74.0
       D:11 |    4678 |     536 |  10.3 |      22 |       4 |  15.4
     Lair:1 |    3467 |     520 |  13.0 |      14 |       3 |  17.6
     Lair:2 |     750 |     880 |  54.0 |       4 |       1 |  20.0
     Lair:3 |    8004 |    1884 |  19.1 |      27 |       5 |  15.6
     Lair:4 |    3008 |     882 |  22.7 |      17 |       5 |  22.7
            +---------+---------+-------+---------+---------+-------
